Map: Abyssal Reef LE

Players

birdy - Winner!

  • Race: Zerg Zerg
  • League: Master
  • Spawn Location: 5:00

ThorVic

  • Race: Terran Terran
  • League: Master
  • Spawn Location: 11:00

VOD

Have the link to the VOD?

Description

Time

  • Played on: Nov. 20, 2017, 11:49 a.m.
  • Length: 8:41
Show
View Real Time Build Order
Export as new Build Order

birdy Zerg - Winner!

Build Orders: Hatch First 

Get SALT Encoding   

  12  0:01  Drone  
  13  0:12  Overlord  
  13  0:17  Drone  
  14  0:31  Drone x2  
  14  0:34  Drone  
  17  0:53  Hatchery  
  17  0:56  Drone  
  17  0:59  Drone  
  18  1:10  Extractor  
  17  1:14  Spawning Pool  
  17  1:17  Drone  
  17  1:20  Drone  
  18  1:28  Drone  
  19  1:40  Overlord  
  19  2:01  Queen  
  19  2:02  Zergling x4  
  19  2:05  Queen  
  19  2:07  Drone  
  26  2:09  Metabolic Boost  
  26  2:11  Drone  
  27  2:16  Drone  
  27  2:21  Drone  
  29  2:26  Drone  
  30  2:36  Drone  
  31  2:40  Queen, Overlord  
  33  2:47  Zergling x2  
  33  2:51  Lair  
  34  2:59  Zergling x6  
  37  3:11  Overlord  
  37  3:14  Zergling x2  
  37  3:15  Zergling x10  
  42  3:33  Drone x3  
  45  3:42  Drone x2  
  45  3:44  Drone  
  48  3:49  Extractor, Drone  
  48  3:53  Evolution Chamber  
  48  3:54  Extractor  
  48  3:55  Extractor  
  45  3:57  Drone x2  
  47  4:03  Drone x3  
  47  4:06  Drone  
  51  4:16  Drone  
  52  4:18  Drone  
  52  4:23  Zerg Missile Weapons Level 1  
  51  4:30  Overlord x3  
  51  4:39  Hatchery  
  51  4:40  Drone  
  51  4:49  Overseer  
  51  4:51  Drone x4  
  55  4:59  Drone x3  
  58  5:00  Drone  
  59  5:09  Drone x4  
  63  5:21  Overlord x2  
  63  5:28  Hydralisk Den  
  62  5:41  Evolution Chamber  
  60  6:02  Muscular Augments  
  60  6:03  Hydralisk  
  60  6:04  Hydralisk x12  
  61  6:11  Zerg Ground Armor Level 1  
  83  6:14  Drone x4  
  87  6:19  Zerg Missile Weapons Level 2  
  87  6:30  Hydralisk  
  89  6:33  Overlord x3  
  89  6:52  Hydralisk x3  
  89  6:53  Hydralisk x4  
  103  6:55  Hydralisk  
  105  7:06  Hydralisk x3  
  105  7:07  Hydralisk  
  105  7:08  Zergling x2  
  114  7:19  Overlord x3  
  114  7:20  Overlord  
  114  7:43  Zergling x30  
  114  7:44  Zergling x2  
  122  7:56  Zergling x10  
  103  8:08  Zergling x6  
  106  8:18  Drone x3  
Show
View Real Time Build Order
Export as new Build Order

ThorVic Terran 

Build Orders: MMM Bio 

Get SALT Encoding   

  12  0:02  SCV  
  14  0:14  SCV  
  14  0:22  Supply Depot  
  14  0:26  SCV  
  15  0:43  SCV, Refinery  
  15  0:45  Barracks  
  16  0:56  Barracks  
  16  1:02  SCV  
  17  1:14  SCV  
  18  1:32  Orbital Command, Reaper  
  19  1:38  Supply Depot  
  19  1:44  Reaper  
  20  1:57  SCV  
  21  2:04  Reaper  
  22  2:13  Command Center  
  22  2:16  SCV  
  22  2:21  Reaper  
  24  2:23  Refinery  
  24  2:29  SCV  
  25  2:41  SCV  
  25  2:42  Barracks  
  26  2:47  Barracks Reactor  
  26  2:53  SCV  
  27  2:58  Barracks Tech Lab  
  27  3:05  SCV  
  28  3:16  Supply Depot  
  28  3:17  SCV  
  28  3:18  Marine, Stimpack  
  30  3:24  Orbital Command  
  30  3:28  Marine  
  30  3:29  SCV  
  30  3:32  Barracks Reactor  
  32  3:41  SCV  
  32  3:44  Marine x2  
  31  3:50  Engineering Bay  
  31  3:53  SCV  
  32  3:58  Engineering Bay  
  32  4:00  Supply Depot  
  32  4:01  SCV  
  33  4:04  Marine x2  
  33  4:05  Marine, SCV  
  37  4:13  Engineering Bay  
  37  4:16  Marine x2  
  39  4:21  Marine  
  39  4:22  Marine  
  39  4:25  Factory  
  39  4:27  SCV x2  
  39  4:29  Marine  
  39  4:30  Terran Infantry Weapons Level 1  
  42  4:38  Marine x2  
  44  4:39  SCV  
  44  4:42  Marine x2  
  47  4:45  Terran Infantry Armor Level 1  
  47  4:46  Marine  
  47  4:49  SCV  
  47  4:51  SCV  
  50  5:02  Marine x4  
  54  5:13  Starport  
  54  5:15  SCV x2  
  54  5:17  Refinery  
  54  5:18  Refinery  
  56  5:23  Factory Reactor, Supply Depot  
  56  5:27  SCV x2, Supply Depot  
  58  5:33  Marine x2  
  60  5:39  SCV  
  60  5:40  SCV  
  61  5:52  SCV x2  
  63  5:57  Marine x4  
  63  5:58  Marine  
  63  6:04  SCV x2  
  69  6:08  Combat Shields  
  69  6:14  Armory  
  69  6:15  Marine x4  
  69  6:16  SCV  
  74  6:19  Medivac x2  
  78  6:36  SCV  
  78  6:40  Factory Reactor  
  78  6:43  Command Center  
  78  6:48  Supply Depot  
  78  6:50  Supply Depot  
  78  6:54  Barracks  
  78  6:58  Barracks  
  78  7:05  SCV  
  78  7:09  Marine x5, Medivac  
  78  7:11  Supply Depot  
  78  7:12  Medivac  
  87  7:15  SCV  
  87  7:17  SCV  
  93  7:27  Marine, Widow Mine x2  
  94  7:30  Supply Depot  
  94  7:32  Marine x2  
  96  7:37  SCV x2  
  92  7:53  Supply Depot  
  64  8:07  Marine x3  
  64  8:11  Barracks Reactor  
  64  8:12  Barracks Reactor  
  62  8:13  Marine x2  
Tags
 
Composition
MMM Bio
Matchup
TvZ
Spawn Locations
Cross Positions
Add a new tag
Caveats
  • Supply blocks, unpowered buildings, or Contaminate may cause inaccurate times.
  • Supply counts are checked every 10 seconds.